 Dungeon Crawl Stone Soup version 0.28-a0-1447-ga5a8893891 (webtiles) character file.

Game seed: 2191178487584573093

35173 Shayle the Thaumaturge (level 13, -6/107 HPs)
             Began as a Gnoll Warper on Jan 10, 2022.
             Was an Elder of Ashenzari.
             Mangled by a death yak (12 damage)
             ... led by a torpor snail
             ... on level 6 of the Lair of Beasts.
             The game lasted 01:07:00 (22677 turns).

Shayle the Thaumaturge (Gnoll Warper)              Turns: 22677, Time: 01:07:01

Health: -6/107     AC: 27    Str: 14    XL:     13   Next: 82%
Magic:  29/29      EV:  7    Int: 12    God:    Ashenzari [****..]
Gold:   2164       SH:  0    Dex: 14    Spells: 36/36 levels left

rFire   . . .      SeeInvis +   V - +5 eveningstar (drain)
rCold   . . .      Faith    .   e - orb of Ashenzari's Prison {*Rage, Alch, Comp} (curse)
rNeg    . . .      Spirit   .   w - +0 crystal plate armour "At What Cost Knowledge?" {Melee, Evo} (curse)
rPois   .          Reflect  .   N - +2 hat of the Profound Loss {Bglg, Self} (curse)
rElec   .          Harm     .   (no cloak)
rCorr   .          Rampage  +   t - +2 pair of gloves "Share My Yoke" {Melee, Bglg} (curse)
Will    .....      Clarity  +   H - +1 pair of boots {rampage}
Stlth   ..........              j - amulet of Apeoromancy {Acrobat, Cun, Evo} (curse)
HPRegen 0.27/turn               F - ring of Panopticon {EV+4, Range, Elem} (curse)
MPRegen 0.21/turn               (no ring)

@: no status effects
A: fangs 1, strong nose, distributed training
a: Renounce Religion, Curse Item, Shatter the Chains


You were on level 6 of the Lair of Beasts.
You worshipped Ashenzari.
Ashenzari was greatly pleased with you.
You visited 3 branches of the dungeon, and saw 18 of its levels.
You also visited: Bailey.

You collected 2164 gold pieces.

Inventory:

Hand Weapons
 G - a +2 scimitar of flaming
 U - a +2 vorpal war axe
 V - a +5 eveningstar of draining (weapon)
 W - the +2 trident of Absolution {protect, rF- rN++ Int+9 Stlth+}
   (You found it on level 11 of the Dungeon)

   It grants its wielder temporary protection when it strikes (+7 to AC).
   Int:       It affects your intelligence (+9).
   rF:        It makes you vulnerable to fire.
   rN:        It greatly protects you from negative energy.
   Stlth:     It makes you more stealthy.
 X - the +2 bardiche "Ugrug" {vorpal, *Slow +Blink rF+}
   (You found it on level 11 of the Dungeon)

   It inflicts extra damage upon your enemies.
   rF:        It protects you from fire.
   +Blink:    It lets you blink.
   *Slow:     It may slow you when you take damage.
Missiles
 o - 15 poisoned darts
 C - 6 boomerangs (quivered)
Armour
 e - the cursed orb of Ashenzari's Prison (worn) {*Rage, Alch, Comp}
   (You found it on level 3 of the Dungeon)

   It has a curse which improves the following skills: Alchemy: Poison Magic and
   Transmutations.
   Companions: Summonings and Necromancy.
 t - the cursed +2 pair of gloves "Share My Yoke" (worn) {Melee, Bglg}
   (You found it on level 5 of the Dungeon)

   It has a curse which improves the following skills: Melee Combat: Short
   Blades, Long Blades, Axes, Maces & Flails, Polearms, Staves and Unarmed
   Combat.
   Beguiling: Conjurations, Hexes and Translocations.
 w - the cursed +0 crystal plate armour "At What Cost Knowledge?" (worn) {Melee, Evo}
   (You found it in a bailey)

   It has a curse which improves the following skills: Melee Combat: Short
   Blades, Long Blades, Axes, Maces & Flails, Polearms, Staves and Unarmed
   Combat.
   Evocations: Evocations.
 H - a +1 pair of boots of rampaging (worn)
 N - the cursed +2 hat of the Profound Loss (worn) {Bglg, Self}
   (You found it on level 9 of the Dungeon)

   It has a curse which improves the following skills: Beguiling: Conjurations,
   Hexes and Translocations.
   Introspection: Fighting and Spellcasting.
 T - a +0 troll leather armour
Jewellery
 c - a +6 ring of dexterity
 j - the cursed amulet of Apeoromancy (around neck) {Acrobat, Cun, Evo}
   (You found it on level 2 of the Dungeon)

   [amulet of the acrobat]

   It increases your evasion while moving and waiting.
   It has a curse which improves the following skills: Cunning: Dodging and
   Stealth.
   Evocations: Evocations.
 k - an amulet of regeneration
 F - the cursed ring of Panopticon (left hand) {EV+4, Range, Elem}
   (You found it on level 5 of the Dungeon)

   [ring of evasion]

   EV:        It affects your evasion (+4).
   It has a curse which improves the following skills: Ranged Combat: Slings,
   Bows, Crossbows and Throwing.
   Elements:  Fire Magic, Ice Magic, Air Magic and Earth Magic.
 L - a ring of positive energy
Wands
 b - a wand of digging (6)
 s - a wand of polymorph (13)
 E - a wand of flame (28)
 M - a wand of mindburst (11)
 R - a wand of iceblast (10)
Scrolls
 a - a scroll of silence
 d - 5 scrolls of vulnerability
 l - a scroll of brand weapon
 n - 2 scrolls of amnesia
 r - a scroll of fog
 Q - a scroll of immolation
Potions
 g - 2 potions of flight
 h - a potion of mutation
 i - 4 potions of magic
 m - 3 potions of cancellation
 q - 3 potions of brilliance
 u - a potion of berserk rage
 v - 9 potions of lignification
 z - 2 potions of haste
 A - 3 potions of resistance
 S - 2 potions of might
Miscellaneous
 B - a phantom mirror (inert)
 K - a piece from Xom's chessboard (15/15)
 P - a tin of tremorstones (2/2)


   Skills:
 + Level 9.8(11.8) Fighting
 + Level 8.6(11.6) Short Blades
 + Level 8.6(11.6) Long Blades
 + Level 8.6(11.6) Axes
 + Level 8.6(11.6) Maces & Flails
 + Level 8.6(11.6) Polearms
 + Level 8.6(11.6) Staves
 + Level 8.6(10.6) Slings
 + Level 8.6(10.6) Bows
 + Level 8.6(10.6) Crossbows
 + Level 9.0(11.0) Throwing
 + Level 9.0 Armour
 + Level 9.8(11.8) Dodging
 + Level 8.6(10.6) Stealth
 + Level 8.6 Shields
 + Level 9.8(12.8) Unarmed Combat
 + Level 10.0(12.0) Spellcasting
 + Level 7.2(10.2) Conjurations
 + Level 7.2(10.2) Hexes
 + Level 7.2(9.2) Summonings
 + Level 7.2(9.2) Necromancy
 + Level 9.1(12.1) Translocations
 + Level 7.2(9.2) Transmutations
 + Level 7.2(9.2) Fire Magic
 + Level 7.2(9.2) Ice Magic
 + Level 7.2(9.2) Air Magic
 + Level 7.2(9.2) Earth Magic
 + Level 7.2(9.2) Poison Magic
 + Level 9.4 Invocations
 + Level 8.6(11.6) Evocations


You had 36 spell levels left.
You didn't know any spells.
Your spell library contained the following spells:

 Spells                   Type           Power      Damage    Failure   Level
 Blink                    Tloc           72%        N/A       54%         2
 Magic Dart               Conj           100%       1d8       67%         1
 Gell's Gravitas          Tloc           36%        N/A       78%         3
 Lesser Beckoning         Tloc           36%        N/A       78%         3
 Teleport Other           Tloc           36%        N/A       78%         3
 Animate Skeleton         Necr           58%        N/A       80%         1
 Beastly Appendage        Tmut           58%        N/A       80%         1
 Call Imp                 Summ           29%        N/A       91%         2
 Wereblood                Tmut           29%        N/A       91%         2
 Dazzling Flash           Conj/Hex       62%        N/A       96%         3
 Tukima's Dance           Hex            31%        N/A       96%         3
 Mephitic Cloud           Conj/Pois/Air  30%        N/A       98%         3
 Summon Guardian Golem    Hex/Summ       30%        N/A       98%         3
 Frozen Ramparts          Ice            58%        1d7       99%         3
 Spider Form              Tmut/Pois      29%        N/A       99%         3
 Passage of Golubria      Tloc           36%        N/A       99%         4
 Ice Form                 Ice/Tmut       29%        N/A       100%        4
 Summon Ice Beast         Ice/Summ       29%        N/A       100%        4
 Agony                    Necr           29%        N/A       100%        5
 Blade Hands              Tmut           14%        N/A       100%        5
 Irradiate                Conj/Tmut      15%        3d18      100%        5
 Manifold Assault         Tloc           36%        N/A       100%        5
 Silence                  Hex/Air        15%        N/A       100%        5
 Yara's Violent Unravell  Hex/Tmut       15%        3d8       100%        5
 Dragon Form              Tmut           14%        N/A       100%        7
 Orb of Destruction       Conj           15%        9d7       100%        7
 Spellforged Servitor     Conj/Summ      15%        N/A       100%        7


Dungeon Overview and Level Annotations

Branches:
Dungeon (11/15)            Temple (1/1) D:7            Lair (6/6) D:9
  Swamp (0/4) Lair:4       Spider (0/4) Lair:3        Slime (0/5) Lair:5
    Orc (0/2) D:9          Bailey (visited)

Altars:
Ashenzari
Cheibriados
Kikubaaqudgha
Makhleb
Ru
Sif Muna
Trog
Vehumet
Yredelemnul
Jiyva

Shops:
D:5 ?   D:7 :(([:   D:9 (

Annotations:
D:7 2 runed translucent doors


Innate Abilities, Weirdness & Mutations

You have very sharp teeth.
Your uncanny sense of smell can sniff out nearby items.
Your experience applies equally to all skills.


Message History

Your blink frog blinks!
The blink frog hits you but does no damage.
Unknown command.
You puncture the blink frog! You drain the blink frog.
The blink frog is severely wounded.
The blink frog barely misses you.
The blink frog hits you but does no damage.
The blink frog blinks!
The yak gores the fungus.
The fungus begins to die.
Unknown command.
You closely miss the blink frog.
The blink frog is moderately wounded.
Your blink frog blinks!
The blink frog blinks! x2
Unknown command.
Aiming: Iceblast
Press: ? - help, Shift-Dir - straight line The mass of ice explodes!
The iceblast engulfs the blink frog!!
You kill the blink frog!
The iceblast engulfs the fungus!!!
The fungus is lightly damaged.
The iceblast engulfs the yak!!
You kill the yak!
The iceblast engulfs the yak!
The yak is moderately wounded.
The iceblast engulfs the yak!
The yak is almost dead.
The blink frog blinks!
A yak comes into view.
The blink frog blinks!
Unknown command.
You barely miss the yak.
The yak is severely wounded.
The blink frog blinks!
The yak barely misses you.
Unknown command.
You hit the yak. You drain the yak.
You kill the yak!
Unknown command.
You barely miss the death yak. Your bite misses the death yak.
A nearby fungus withers and dies.
The death yak gores you!
You die...

, , , ,, * , ∩ , * ,
,.?......♣** *, ,, ,,
, ,........♣#####., ,,
, , ..............,,,,
, , , , .....†.Y.....
, , .....#.... .# *, *
** *,
...#..F.P##.#####.,
**..#...YY##..#..#..,*
**.......@....#..... *
* ......#.[.........
*,
.....###§†...P#...,* *
* ...#**###.........
.. ####<...##.,** **#
#....### , * * *
#P..## ** , ***
#.?.### ** #.P...##


You could see a death yak, 2 yaks and a blink frog.

Vanquished Creatures
  2 hydras
  A boulder beetle (Lair:2)
  A two-headed ogre (D:10)
  A centaur warrior (D:11)
  3 death yaks
  An orb spider (Lair:3)
  Pikel (D:8)
  A deep elf zephyrmancer (D:6)
  An orc knight (D:11)
  A cyclops (D:11)
  An ugly thing (D:8)
  3 elephants
  2 torpor snails
  3 black mambas
  11 cane toads
  2 rime drakes
  Maggie (Lair:2)
  3 komodo dragons
  An efreet (D:11)
  A tengu conjurer (D:11)
  2 trolls
  Prince Ribbit (D:5)
  13 blink frogs
  3 dream sheep (Lair:3)
  2 wyverns
  49 yaks
  4 basilisks
  2 acid dragons (D:9)
  11 water moccasins
  A sky beast (D:6)
  An ice beast (D:7)
  12 orc warriors
  2 black bears (Lair:1)
  2 necrophages
  19 wolves
  4 centaurs
  A kobold brigand (D:6)
  11 bullfrogs
  5 scorpions
  2 water moccasin skeletons
  7 killer bees
  15 wights
  4 howler monkeys
  2 electric eels (Lair:6)
  3 centaur zombies
  5 hounds
  An orc priest (D:7)
  A gnoll shaman (D:8)
  2 centaur skeletons
  A bullfrog skeleton (D:6)
  9 orc wizards
  Ijyb (D:5)
  2 iguanas (D:7)
  A hound skeleton (D:4)
  A howler monkey zombie (D:9)
  4 gnolls (D:8)
  5 adders
  2 white imps
  An ufetubus (D:5)
  A dart slug (D:3)
  36 orcs
  3 endoplasms
  2 giant cockroaches
  8 hobgoblins
  6 jackals
  14 kobolds
  5 quokkas
  8 ball pythons
  9 bats
  5 frilled lizards (D:2)
  7 goblins
  4 rats
  A spectral goblin (D:1)
  A butterfly (Lair:1)
365 creatures vanquished.

Vanquished Creatures (collateral kills)
  A troll (D:11)
  A howler monkey (D:11)
2 creatures vanquished.

Vanquished Creatures (others)
  33 fungi
  73 plants
106 creatures vanquished.

Grand Total: 473 creatures vanquished

Notes
Turn   | Place    | Note
-------+----------+-------------------------------------------
     0 | D:1      | Shayle the Gnoll Warper began the quest for the Orb.
     0 | D:1      | Reached XP level 1. HP: 20/20 MP: 6/6
    39 | D:1      | Found a faded altar of an unknown god.
   155 | D:1      | Reached XP level 2. HP: 26/26 MP: 7/7
  1072 | D:2      | Reached XP level 3. HP: 24/31 MP: 9/9
  1078 | D:2      | Reached skill level 5 in Spellcasting
  1452 | D:2      | Reached skill level 1 in Invocations
  1583 | D:2      | Reached skill level 1 in Short Blades
  1583 | D:2      | Reached skill level 1 in Long Blades
  1583 | D:2      | Reached skill level 1 in Axes
  1583 | D:2      | Reached skill level 1 in Maces & Flails
  1583 | D:2      | Reached skill level 1 in Polearms
  1583 | D:2      | Reached skill level 1 in Staves
  1583 | D:2      | Reached skill level 1 in Slings
  1583 | D:2      | Reached skill level 1 in Bows
  1583 | D:2      | Reached skill level 1 in Crossbows
  1583 | D:2      | Reached skill level 1 in Stealth
  1583 | D:2      | Reached skill level 1 in Shields
  1583 | D:2      | Reached skill level 1 in Evocations
  1644 | D:2      | Reached XP level 4. HP: 38/38 MP: 11/11
  2094 | D:3      | Found a snail-covered altar of Cheibriados.
  2159 | D:3      | Reached skill level 1 in Conjurations
  2159 | D:3      | Reached skill level 1 in Hexes
  2159 | D:3      | Reached skill level 1 in Summonings
  2159 | D:3      | Reached skill level 1 in Necromancy
  2159 | D:3      | Reached skill level 1 in Transmutations
  2159 | D:3      | Reached skill level 1 in Fire Magic
  2159 | D:3      | Reached skill level 1 in Ice Magic
  2159 | D:3      | Reached skill level 1 in Air Magic
  2159 | D:3      | Reached skill level 1 in Earth Magic
  2159 | D:3      | Reached skill level 1 in Poison Magic
  2373 | D:3      | Reached XP level 5. HP: 38/43 MP: 12/12
  2887 | D:3      | You fall into a shaft and drop 2 floors!
  2887 | D:5      | Entered Level 5 of the Dungeon
  2918 | D:5      | Found Ticyrax's Magic Scroll Boutique.
  3432 | D:4      | Found a sacrificial altar of Ru.
  3582 | D:4      | Reached XP level 6. HP: 50/50 MP: 13/13
  3644 | D:4      | Found a broken altar of Ashenzari.
  3658 | D:4      | Became a worshipper of Ashenzari the Shackled
  4071 | D:5      | Reached skill level 5 in Fighting
  4071 | D:5      | Reached skill level 5 in Dodging
  4071 | D:5      | Reached skill level 5 in Unarmed Combat
  4242 | D:5      | Reached XP level 7. HP: 56/56 MP: 15/15
  4398 | D:5      | Noticed Prince Ribbit
  4431 | D:5      | Killed Prince Ribbit
  4818 | D:5      | Noticed Ijyb
  4831 | D:5      | Killed Ijyb
  5070 | D:6      | Reached XP level 8. HP: 63/63 MP: 16/16
  5528 | D:6      | Reached skill level 6 in Spellcasting
  5968 | D:6      | Noticed a deep elf zephyrmancer
  5976 | D:6      | Killed a deep elf zephyrmancer
  5977 | D:6      | Reached XP level 9. HP: 36/69 MP: 18/18
  5977 | D:6      | Reached * piety under Ashenzari
  6538 | D:7      | Found a flagged portal.
  6542 | Bailey   | Entered a bailey
  7250 | Bailey   | Reached skill level 5 in Throwing
  7250 | Bailey   | Reached skill level 5 in Armour
  7640 | D:7      | Found a staircase to the Ecumenical Temple.
  7668 | D:7      | Reached skill level 5 in Invocations
  7678 | D:7      | Reached skill level 7 in Spellcasting
  7678 | D:7      | Reached XP level 10. HP: 65/77 MP: 20/20
  7697 | D:7      | HP: 1/77 [yak (13)]
  8031 | D:7      | Reached ** piety under Ashenzari
  8045 | D:7      | Found a bloodstained altar of Trog.
  8070 | D:7      | Reached skill level 5 in Short Blades
  8070 | D:7      | Reached skill level 5 in Long Blades
  8070 | D:7      | Reached skill level 5 in Axes
  8070 | D:7      | Reached skill level 5 in Maces & Flails
  8070 | D:7      | Reached skill level 5 in Polearms
  8070 | D:7      | Reached skill level 5 in Staves
  8070 | D:7      | Reached skill level 5 in Slings
  8070 | D:7      | Reached skill level 5 in Bows
  8070 | D:7      | Reached skill level 5 in Crossbows
  8070 | D:7      | Reached skill level 5 in Stealth
  8070 | D:7      | Reached skill level 5 in Shields
  8070 | D:7      | Reached skill level 5 in Evocations
  8294 | D:7      | Found Colapy's Book Boutique.
  8415 | D:7      | Found Muxzist's Antique Armour Boutique.
  8440 | Temple   | Entered the Ecumenical Temple
  8460 | D:7      | Found Nysadadgh's Antique Weapon Emporium.
  8466 | D:7      | Found Ruarch's Weapon Boutique.
  8608 | D:7      | Found a large runed translucent door.
  8613 | D:7      | Found a large runed translucent door.
  8635 | D:7      | Found Wassojy's Book Boutique.
  8756 | D:8      | Found a basalt altar of Yredelemnul.
  9049 | D:8      | Noticed a green ugly thing
  9068 | D:8      | Killed a green ugly thing
  9849 | D:8      | Noticed Pikel
  9924 | D:8      | Killed Pikel
 10417 | D:9      | Reached XP level 11. HP: 35/84 MP: 22/22
 10652 | D:9      | Found a burning altar of Makhleb.
 10716 | D:9      | Reached *** piety under Ashenzari
 10858 | D:9      | Found a staircase to the Lair.
 11019 | D:9      | Found Poxutuv's Weapon Emporium.
 11019 | D:9      | Found a staircase to the Orcish Mines.
 11340 | D:9      | Reached skill level 5 in Conjurations
 11340 | D:9      | Reached skill level 5 in Hexes
 11340 | D:9      | Reached skill level 5 in Summonings
 11340 | D:9      | Reached skill level 5 in Necromancy
 11340 | D:9      | Reached skill level 5 in Transmutations
 11340 | D:9      | Reached skill level 5 in Fire Magic
 11340 | D:9      | Reached skill level 5 in Ice Magic
 11340 | D:9      | Reached skill level 5 in Air Magic
 11340 | D:9      | Reached skill level 5 in Earth Magic
 11340 | D:9      | Reached skill level 5 in Poison Magic
 11362 | D:9      | Reached skill level 8 in Spellcasting
 11668 | D:10     | Entered Level 10 of the Dungeon
 11674 | D:10     | Reached **** piety under Ashenzari
 11847 | D:10     | Found a shimmering blue altar of Sif Muna.
 11899 | D:10     | Identified a scroll of acquirement
 11907 | D:10     | Acquired 1006 gold pieces
 12638 | D:10     | Found a radiant altar of Vehumet.
 12663 | D:10     | Found an ancient bone altar of Kikubaaqudgha.
 12663 | D:10     | Identified Kikubaaqudgha's Incunabulum of Darkness
 13417 | D:11     | Noticed a two-headed ogre
 13418 | D:11     | Noticed a cyclops
 13438 | D:10     | Killed a two-headed ogre
 13778 | D:11     | Identified the +2 bardiche "Ugrug" {vorpal, *Slow +Blink
                  | rF+}
 13779 | D:11     | Identified the +2 trident of Absolution {protect, rF- rN++
                  | Int+9 Stlth+}
 13780 | D:11     | Noticed an orc knight
 13780 | D:11     | Noticed a centaur warrior
 13780 | D:11     | Noticed a cyclops
 13804 | D:11     | Killed a centaur warrior
 14082 | D:11     | Killed an orc knight
 14489 | D:11     | Killed a cyclops
 14613 | Lair:1   | Entered Level 1 of the Lair of Beasts
 14970 | Lair:1   | Reached XP level 12. HP: 85/98 MP: 26/26
 16585 | Lair:2   | Noticed an eight-headed hydra
 16662 | Lair:2   | Killed an eight-headed hydra
 16668 | Lair:2   | Reached skill level 9 in Spellcasting
 16990 | Lair:2   | Noticed a death yak
 17008 | Lair:2   | Noticed a death yak
 17009 | Lair:2   | Noticed a death yak
 17020 | Lair:1   | Killed a death yak
 17725 | Lair:2   | Killed a death yak
 17739 | Lair:2   | Killed a death yak
 18060 | Lair:2   | Noticed Maggie
 18100 | Lair:2   | Killed Maggie
 18101 | Lair:2   | Reached XP level 13. HP: 62/106 MP: 28/28
 19291 | Lair:3   | Identified the +1 scale mail of the Soldier {Drain rC+
                  | Regen+}
 19713 | Lair:3   | Found a hole to the Spider Nest.
 20933 | Lair:4   | Found a staircase to the Swamp.
 21580 | Lair:5   | Found a staircase to the Slime Pits.
 21580 | Lair:5   | Found a viscous altar of Jiyva.
 21954 | Lair:5   | Reached skill level 10 in Spellcasting
 22326 | Lair:6   | Entered Level 6 of the Lair of Beasts
 22658 | Lair:6   | HP: 4/107 [poisoned by a water moccasin]
 22661 | Lair:6   | HP: 1/107 [poisoned by a water moccasin]
 22677 | Lair:6   | Mangled by a death yak

Illustrated notes

Levels and vault maps discovered:
D:1:      heliophobic_arrival_glass_houses, layout_loops_ring,
          dreamdust_ecumenical_altar_drowned_temple, hangedman_glass_teeth,
          kennysheep_small_spiral
D:2:      layout_basic, minmay_split_cup_small
D:3:      layout_loops_corners, kennysheep_slug_shrine,
          minmay_misc_feat_ornament, roderic_serpentine_path
D:4:      layout_loops_ring, mainiacjoe_overflow_catwalk,
          nicolae_ashenzari_skybound, serial_rivers,
          chequers_serial_rivers_small_b, chequers_serial_rivers_large_a,
          chequers_serial_rivers_micro_d, chequers_serial_rivers_marsh,
          chequers_serial_rivers_micro_a
D:5:      layout_loops_ring, serial_shops, shop, roderic_batcave,
          uniq_prince_ribbit1, uniq_ijyb
D:6:      layout_cave_pods, guppyfry_early_elven_hall
D:7:      layout_basic, trog_butcher_becter, jmf_multi_god_temple2,
          minmay_temple_entry_waves, serial_shops, shop_fountains, shop_statue,
          shop, shop_fountains, nicolae_shop_competitors_out_of_business,
          enter_bailey_1
D:8:      layout_rooms, kennysheep_little_box, chequers_hall_statues_wall_a,
          uniq_pikel
D:9:      layout_basic, mainiacjoe_overflow_tiny_flanked, lair_entry_dummy,
          orc_david_3
D:10:     layout_layer_cave, palyth_temple_overflow_mages
D:11:     layout_basic, minmay_radiant
Temple:   minmay_temple_curvy_loop
Lair:1:   layout_roguey, lemuel_fruit_fields, grunt_megastairs_5,
          serial_bayou_shore_a
Lair:2:   layout_small_grid, uniq_maggie
Lair:3:   layout_loops_ring, nicolae_spider_entry_orb_guardian
Lair:4:   layout_cave_pods, swamp_mist, st_stairs_3, grunt_megastairs_4
Lair:5:   layout_cave_shapes, slime_altar_1
Lair:6:   minmay_lair_end_enchanted_forest, layout_layer_cave,
          gauntlet_entry_generic, grunt_forest_small_clearings,
          serial_bayou_lagoon_a, serial_bayou_ford_a

Skill      XL: |  1  2  3  4  5  6  7  8  9 10 11 12 13 |
---------------+----------------------------------------+-----
Spellcasting   | 5 6 7 8 9 10 | 10.0
Invocations    | 1 2 3 4 5 6 7 8 9 |  9.4
Short Blades   | 1 2 3 4 5 6 7 8 |  8.6
Long Blades    | 1 2 3 4 5 6 7 8 |  8.6
Axes           | 1 2 3 4 5 6 7 8 |  8.6
Maces & Flails | 1 2 3 4 5 6 7 8 |  8.6
Polearms       | 1 2 3 4 5 6 7 8 |  8.6
Staves         | 1 2 3 4 5 6 7 8 |  8.6
Slings         | 1 2 3 4 5 6 7 8 |  8.6
Bows           | 1 2 3 4 5 6 7 8 |  8.6
Crossbows      | 1 2 3 4 5 6 7 8 |  8.6
Stealth        | 1 2 3 4 5 6 7 8 |  8.6
Shields        | 1 2 3 4 5 6 7 8 |  8.6
Evocations     | 1 2 3 4 5 6 7 8 |  8.6
Conjurations   | 1 2 3 4 5 6 7 |  7.2
Hexes          | 1 2 3 4 5 6 7 |  7.2
Summonings     | 1 2 3 4 5 6 7 |  7.2
Necromancy     | 1 2 3 4 5 6 7 |  7.2
Transmutations | 1 2 3 4 5 6 7 |  7.2
Fire Magic     | 1 2 3 4 5 6 7 |  7.2
Ice Magic      | 1 2 3 4 5 6 7 |  7.2
Air Magic      | 1 2 3 4 5 6 7 |  7.2
Earth Magic    | 1 2 3 4 5 6 7 |  7.2
Poison Magic   | 1 2 3 4 5 6 7 |  7.2
Throwing       | 3 4 5 6 7 8 9 |  9.0
Armour         | 3 4 5 6 7 8 9 |  9.0
Fighting       | 5 6 7 8 9 |  9.8
Dodging        | 5 6 7 8 9 |  9.8
Unarmed Combat | 5 6 7 8 9 |  9.8
Translocations | 6 7 8 9 |  9.1

Action                   |  1- 3 |  4- 6 |  7- 9 | 10-12 | 13-15 || total
-------------------------+-------+-------+-------+-------+-------++-------
Melee: Unarmed           |   103 |       |       |       |       ||   103
       Bite              |     5 |    18 |    25 |   117 |    31 ||   196
       Punch             |     2 |       |       |       |       ||     2
       Whip              |     1 |   146 |   185 |       |       ||   332
       Long sword        |       |       |   100 |   617 |       ||   717
       Eveningstar       |       |       |       |   243 |   294 ||   537
Throw: Boomerang         |     5 |       |       |    28 |    41 ||    74
Invok: Curse Item        |       |       |     2 |     5 |       ||     7
       Shatter the Chain |       |       |       |     1 |       ||     1
Evoke: Wand              |       |       |     9 |     3 |     5 ||    17
       Phantom mirror    |       |       |       |     1 |     2 ||     3
       Piece from Xom's  |       |       |       |     1 |       ||     1
       Tin of tremorston |       |       |       |       |     1 ||     1
  Use: Scroll            |       |     5 |    10 |     7 |     6 ||    28
       Potion            |       |       |       |     4 |     2 ||     6
 Stab: Sleeping          |     1 |     1 |       |       |       ||     2
       Invisible         |       |       |       |       |     2 ||     2
Armor: Leather armour    |     9 |       |       |       |       ||     9
       Ring mail         |     9 |    66 |   100 |    10 |       ||   185
       Crystal plate arm |       |       |       |   776 |   262 ||  1038
Dodge: Dodged            |    72 |    96 |   232 |   395 |   142 ||   937

Table legend: (Time is in decaauts)
 A = Elapsed time spent in this place.
 B = Non-inter-level travel time spent in this place.
 C = Inter-level travel time spent in this place.
 D = Time resting spent in this place.
 E = Time spent auto-exploring this place.
 F = Levels seen in this place.
 G = Mean time per level.
                   A        B        C        D        E       F      G
               +--------+--------+--------+--------+--------+-----+--------+
         Total |  23174 |  22719 |    455 |   7132 |  10549 |  19 | 1219.7 |
       Dungeon |  13981 |  13627 |    354 |   3191 |   7304 |  11 | 1271.0 |
        Temple |      1 |      1 |      0 |      0 |      0 |   1 |    1.0 |
          Lair |   8062 |   7961 |    101 |   3310 |   3202 |   6 | 1343.7 |
        Bailey |   1129 |   1129 |      0 |    631 |     42 |   1 | 1129.0 |
               +--------+--------+--------+--------+--------+-----+--------+

Top non-repeatable levels by time:
  Lair:2: 2249 daAuts
  Lair:1: 2132 daAuts
    D:10: 1955 daAuts
     D:6: 1654 daAuts
     D:9: 1622 daAuts
  Lair:3: 1615 daAuts
     D:8: 1370 daAuts
     D:7: 1346 daAuts
     D:3: 1172 daAuts
  Bailey: 1129 daAuts
     D:5: 1052 daAuts
  Lair:5: 1045 daAuts
     D:1: 1020 daAuts
    D:11: 966 daAuts
     D:4: 919 daAuts
